 Dungeon Crawl Stone Soup version 0.20.1-1-g8b1a95d (webtiles) character file.

1899 kanaj the Sneak (level 9, -3/46 HPs)
             Began as a Vine Stalker Assassin on July 8, 2017.
             Slain by a killer bee (4 damage)
             ... on level 9 of the Dungeon.
             The game lasted 01:40:21 (6169 turns).

kanaj the Sneak (Vine Stalker Assassin)             Turns: 6169, Time: 01:40:22

Health: -3/46      AC: 10    Str: 15    XL:     9   Next: 15%
Magic:  0/10       EV: 11    Int: 14    God:
Gold:   303        SH:  0    Dex: 19    Spells: 0/8 levels left

rFire    . . .     SeeInvis +   a - +3 mace (crush)
rCold    . . .     Gourm    .   (no shield)
rNeg     . . .     Faith    .   y - +0 ring mail
rPois    .         Spirit   +   q - +0 helmet
rElec    .         Reflect  .   d - +2 cloak
rCorr    .         Harm     .   (no gloves)
MR       +....     Rnd*Tele +   z - +0 pair of boots
Stlth    ++........             D - amulet of regeneration
Regen    1.0/turn               p - ring of see invisible
MPRegen  0.2/turn               r - +4 ring of dexterity

@: about to teleport, marked, drained
A: fangs 3, clumsy 1, regeneration 1, strong 1, teleportitis 1, evolution 1,
magic shield, antimagic bite, no potion heal 3, rot immunity
a: no special abilities


You were on level 9 of the Dungeon.
You were near starving.

You visited 2 branches of the dungeon, and saw 8 of its levels.

You collected 303 gold pieces.

Inventory:

Hand Weapons
 a - a +3 mace of crushing (weapon)
 b - a +0 hunting sling
 x - a +4 blowgun
Missiles
 e - 42 poisoned needles
 f - 2 curare-tipped needles
 h - 73 arrows
 j - 29 sling bullets
 u - 42 bolts
 v - 6 tomahawks
 w - 2 throwing nets
 C - 40 stones (quivered)
Armour
 d - a +2 cloak (worn)
 q - a +0 helmet (worn)
 y - a +0 ring mail (worn)
 z - a +0 pair of boots (worn)
Jewellery
 p - a ring of see invisible (left hand)
 r - a +4 ring of dexterity (right hand)
 D - an amulet of regeneration (around neck)
Wands
 s - a wand of lightning (0/15)
 B - a wand of polymorph (13/24)
Scrolls
 i - a scroll of teleportation
 m - 9 scrolls of identify
 t - a scroll of recharging
 F - a scroll of remove curse
Potions
 c - 3 potions of curing
Books
 o - a book of Misfortune

   Spells                             Type                      Level
   a - Confusing Touch                Hexes                        1
   b - Confuse                        Hexes                        3
   c - Gell's Gravitas                Translocation                3
   d - Petrify                        Transmutation/Earth          4
   e - Metabolic Englaciation         Hexes/Ice                    5
   f - Yara's Violent Unravelling     Hexes/Transmutation          5
 E - a book of Minor Magic

   Spells                             Type                      Level
   a - Magic Dart                     Conjuration                  1
   b - Blink                          Translocation                2
   c - Call Imp                       Summoning                    2
   d - Slow                           Hexes                        2
   e - Conjure Flame                  Conjuration/Fire             3
   f - Mephitic Cloud                 Conjuration/Poison/Air       3
Comestibles
 g - 6 bread rations
 k - 2 fruits
 l - 2 royal jellies
 n - 3 meat rations


   Skills:
 + Level 4.6(3.5) Fighting
   Level 2.5(1.4) Short Blades
 + Level 3.6(2.5) Maces & Flails
 + Level 5.4(4.9) Slings
 + Level 4.2(4.3) Throwing
 + Level 2.7(1.7) Armour
 + Level 2.7(1.6) Dodging
 + Level 6.0(4.9) Stealth


You couldn't memorise any spells.
You knew the following spells:

 Your Spells              Type           Power        Failure   Level  Hunger
a - Confusing Touch       Hex            #.....       50%         1    ##.....
b - Confuse               Hex            #.......     86%         3    ####...
c - Gell's Gravitas       Tloc           #.........   86%         3    ####...
d - Magic Dart            Conj           #...         50%         1    ##.....


Dungeon Overview and Level Annotations

Branches:
Dungeon (6/15)             Temple (1/1) D:4

Altars:
Ashenzari
Cheibriados
Dithmenos
Elyvilon
Fedhas
Gozag
Hepliaklqana
Makhleb
Nemelex Xobeh
Qazlal
Ru
Sif Muna
Uskayaw
Vehumet
Xom
Yredelemnul
Zin
The Shining One

Shops:
D:4 %:


Innate Abilities, Weirdness & Mutations

You have razor-sharp teeth.
Your natural rate of healing is unusually fast.
When hurt, damage is shared between your health and your magic reserves.
Your bite disrupts and absorbs the magic of your enemies.
Potions cannot restore your health.
You are immune to rotting.
You are clumsy. (Dex -2)
Your muscles are strong. (Str +2)
You are occasionally teleported next to monsters.
You evolve.


Message History

The killer bee stings you but does no damage.
The killer bee barely misses you. The killer bee stings you.
* * * LOW HITPOINT WARNING * * *
The killer bee closely misses you. x3; The killer bee barely misses you. x2
Evoke which item? (* to show all) (? for menu, Esc to quit)
Aiming: Lightning Bolt (will waste charges)
Press: ? - help, Shift-Dir - straight line, f - queen bee, p - killer bee
Aim: a queen bee You hear a mighty clap of thunder!
The bolt of lightning hits the killer bee.
You kill the killer bee!
The bolt of lightning hits the centaur zombie.
The centaur zombie is heavily damaged.
The bolt of lightning misses the queen bee.
Evoking this partially-identified wand wasted a few charges.
The killer bee stings you but does no damage.
The killer bee stings you.
* * * LOW HITPOINT WARNING * * *
The killer bee stings you.
You die...

####....%...)......#
.......###.###.....#
....)..# #.# #.....#
.......###'###.....#
........+_###.s...#
###...# #'###.....#
####...# #.# #.....#
.[...).###.###.yyy.#
...........yy.Z.@yy#
...<...+...y#..yyyy#
..##...##...#...y..#
..#######...#......#
...# #....##.....#
...# #....##.....#
...# #....#......#
..## #....#......#
..# #....#......#


You could see a queen bee, a scorpion, 12 killer bees and a centaur zombie.

Vanquished Creatures
  The ghost of ThePrince the Shooter, an amateur CeHu of Gozag (D:4)
  A sky beast (D:6)
  4 ogres
  A big kobold (D:5)
  A scorpion (D:9)
  2 killer bees (D:9)
  4 wights (D:6)
  3 crimson imps
  A bullfrog zombie (D:5)
  A centaur zombie (D:5)
  3 orc priests
  A gnoll shaman (D:6)
  Ijyb (D:4)
  4 iguanas
  Natasha (thrice) (D:2)
  3 orc wizards
  3 worker ants
  A hound skeleton (D:4)
  A worker ant zombie (D:6)
  Robin (D:3)
  8 gnolls
  7 adders
  2 shadow imps
  2 adder zombies (D:5)
  An adder skeleton (D:4)
  3 worms
  A dart slug (D:1)
  3 leopard geckos
  14 orcs
  A ball python (D:3)
  6 giant cockroaches
  14 goblins
  8 hobgoblins
  15 jackals
  5 quokkas
  8 bats
  5 frilled lizards
  8 kobolds
  A quokka skeleton (D:5)
  12 rats
  A bush (D:5)
  3 plants
168 creatures vanquished.

Vanquished Creatures (others)
  A leopard gecko zombie (D:5)
  2 bushes (D:5)
  7 plants (D:5)
10 creatures vanquished.

Grand Total: 178 creatures vanquished

Notes
Turn   | Place    | Note
-------+----------+-------------------------------------------
     0 | D:1      | kanaj the Vine Stalker Assassin began the quest for the Orb.
     0 | D:1      | Reached XP level 1. HP: 11/11 MP: 2/2
    93 | D:1      | Reached skill level 5 in Stealth
   107 | D:1      | Reached XP level 2. HP: 15/15 MP: 3/3
   353 | D:1      | Reached XP level 3. HP: 14/18 MP: 4/4
   912 | D:2      | Noticed Natasha
   920 | D:2      | Killed Natasha
   920 | D:2      | Gained mutation: Your natural rate of healing is unusually fast. [Vine Stalker growth]
   920 | D:2      | Reached XP level 4. HP: 23/23 MP: 5/5
  1391 | D:2      | Noticed Natasha
  1400 | D:2      | Killed Natasha
  1611 | D:2      | Reached XP level 5. HP: 27/27 MP: 6/6
  1888 | D:2      | Found a radiant altar of Vehumet.
  2007 | D:2      | Noticed Natasha
  2016 | D:2      | Killed Natasha
  2016 | D:2      | Reached skill level 1 in Dodging
  2080 | D:3      | Found an opulent altar of Gozag.
  2082 | D:3      | Found a snail-covered altar of Cheibriados.
  2087 | D:3      | Found a blossoming altar of Fedhas.
  2094 | D:3      | Found a hide-covered altar of Uskayaw.
  2110 | D:3      | Noticed Robin
  2163 | D:3      | Killed Robin
  2463 | D:3      | Learned a level 1 spell: Confusing Touch
  2467 | D:3      | Learned a level 3 spell: Confuse
  2534 | D:3      | Found a sacrificial altar of Ru.
  2576 | D:3      | Reached skill level 1 in Armour
  2803 | D:4      | Reached XP level 6. HP: 8/32 MP: 1/7
  3024 | D:4      | Noticed ThePrince's ghost (amateur CeHu)
  3070 | D:4      | Killed ThePrince's ghost
  3070 | D:4      | Reached skill level 1 in Slings
  3210 | D:4      | Reached skill level 1 in Maces & Flails
  3210 | D:4      | Reached XP level 7. HP: 33/36 MP: 8/8
  3277 | D:4      | Found a staircase to the Ecumenical Temple.
  3557 | D:4      | Found Kion's Book Emporium.
  3566 | D:4      | Found Moecusud's Food Shoppe.
  3741 | D:4      | Found a glowing golden altar of the Shining One.
  3741 | D:4      | Found a hazy altar of Hepliaklqana.
  3813 | D:4      | Noticed Ijyb
  3818 | D:4      | Killed Ijyb
  4138 | Temple   | Entered the Ecumenical Temple
  4232 | D:5      | Entered Level 5 of the Dungeon
  4279 | D:5      | Gained mutation: You have razor-sharp teeth. [Vine Stalker growth]
  4279 | D:5      | Reached XP level 8. HP: 40/40 MP: 9/9
  4336 | D:5      | Learned a level 3 spell: Gell's Gravitas
  5263 | D:6      | Gained mutation: Your body sometimes deteriorates upon taking damage. [potion of mutation]
  5263 | D:6      | Gained mutation: You are dopey. (Int -2) [potion of mutation]
  5263 | D:6      | Gained mutation: You are resistant to electric shocks. (rElec) [potion of mutation]
  5279 | D:6      | Found a sparkling altar of Nemelex Xobeh.
  5883 | D:6      | Reached skill level 5 in Slings
  5883 | D:6      | Reached skill level 6 in Stealth
  5883 | D:6      | Reached XP level 9. HP: 16/46 MP: 3/10
  5980 | D:6      | Learned a level 1 spell: Magic Dart
  5980 | D:6      | You fall through a shaft for 3 floors!
  5991 | D:9      | Found a basalt altar of Yredelemnul.
  6078 | D:9      | Lost mutation: You are dopey. (Int -2) [potion of mutation]
  6078 | D:9      | Lost mutation: Your body sometimes deteriorates upon taking damage. [potion of mutation]
  6078 | D:9      | Lost mutation: You are resistant to electric shocks. (rElec) [potion of mutation]
  6078 | D:9      | Gained mutation: You are occasionally teleported next to monsters. [potion of mutation]
  6078 | D:9      | Gained mutation: You are clumsy. (Dex -2) [potion of mutation]
  6078 | D:9      | Gained mutation: You evolve. [potion of mutation]
  6078 | D:9      | Gained mutation: Your muscles are strong. (Str +2) [potion of mutation]
  6165 | D:9      | Noticed a queen bee
  6168 | D:9      | HP: 2/46 [killer bee (4)]
  6169 | D:9      | Slain by a killer bee

Skill      XL: |  1  2  3  4  5  6  7  8 |
---------------+-------------------------+-----
Throwing       | 2 3 4 |  4.2
Stealth        | 5 6 |  6.0
Short Blades   | 2 |  2.5
Fighting       | 2 3 4 |  4.6
Dodging        | 1 2 |  2.7
Armour         | 1 2 |  2.7
Slings         | 1 3 5 |  5.4
Maces & Flails | 1 2 3 |  3.6

Action                   |  1- 3 |  4- 6 |  7- 9 || total
-------------------------+-------+-------+-------++-------
Melee: Dagger            |    33 |       |       ||    33
       Bite              |     8 |    70 |    70 ||   148
       Short sword       |       |   127 |       ||   127
       Mace              |       |    61 |   173 ||   234
 Fire: Blowgun           |    32 |     4 |       ||    36
       Hunting sling     |       |    21 |   154 ||   175
Throw: Stone             |    19 |    72 |     3 ||    94
       Tomahawk          |       |    17 |    13 ||    30
       Throwing net      |       |       |     1 ||     1
Evoke: Wand              |       |       |     2 ||     2
  Use: Scroll            |     2 |    11 |    13 ||    26
       Potion            |     2 |     7 |     3 ||    12
 Stab: Sleeping          |     1 |     6 |       ||     7
       Invisible         |       |     3 |       ||     3
       Held in net/web   |       |       |     1 ||     1
  Eat: Chunk             |       |     6 |     9 ||    15
       Bread ration      |       |     1 |       ||     1
Armor: Robe              |     5 |       |       ||     5
       Leather armour    |       |    18 |       ||    18
       Skin              |       |    21 |     1 ||    22
       Ring mail         |       |    10 |    79 ||    89
Dodge: Dodged            |    13 |    50 |   103 ||   166
